Map: Blackpink LE

Players

Dessa

  • Race: Zerg Zerg
  • League: Diamond
  • Spawn Location: 1:00

columbus - Winner!

  • Race: Terran Terran
  • Spawn Location: 7:00

VOD

Have the link to the VOD?

Description

Time

  • Played on: Dec. 19, 2017, 3:03 p.m.
  • Length: 13:29
Show
View Real Time Build Order
Export as new Build Order

Dessa Zerg 

Build Orders: Hatch First, Swarm Host 

Get SALT Encoding   

  12  0:02  Drone  
  13  0:13  Overlord  
  13  0:18  Drone  
  14  0:31  Drone x2  
  16  0:36  Drone  
  17  0:57  Hatchery  
  16  0:58  Drone  
  16  1:02  Extractor  
  16  1:03  Drone  
  17  1:18  Spawning Pool  
  16  1:28  Drone  
  16  1:29  Drone  
  16  1:31  Drone  
  19  1:39  Overlord  
  19  1:56  Drone  
  20  2:06  Metabolic Boost  
  20  2:07  Queen  
  22  2:10  Queen  
  22  2:14  Drone  
  25  2:17  Zergling x2  
  25  2:20  Drone  
  27  2:24  Drone  
  27  2:27  Drone  
  29  2:35  Baneling Nest  
  28  2:40  Spine Crawler  
  27  2:51  Drone x2  
  27  2:56  Drone  
  30  3:03  Drone  
  31  3:08  Hatchery  
  31  3:12  Drone  
  31  3:13  Drone  
  31  3:15  Drone  
  31  3:16  Overlord  
  33  3:21  Drone  
  33  3:22  Drone  
  35  3:31  Drone  
  36  3:34  Queen  
  36  3:37  Zergling x4  
  40  3:45  Overlord  
  40  3:46  Overlord  
  41  3:48  Drone  
  41  3:53  Drone  
  41  3:54  Zergling x2  
  43  3:57  Overlord  
  43  3:58  Extractor  
  43  4:01  Drone  
  43  4:02  Drone x2, Extractor x2  
  44  4:04  Drone  
  44  4:14  Roach Warren  
  44  4:17  Queen  
  43  4:19  Drone  
  46  4:40  Drone  
  46  4:41  Drone x5  
  46  4:43  Zergling x4  
  46  4:45  Lair  
  54  4:54  Spore Crawler, Evolution Chamber x2  
  54  4:58  Spore Crawler  
  46  5:15  Roach x6  
  46  5:16  Roach  
  55  5:22  Zergling x2  
  55  5:23  Roach  
  54  5:37  Queen x2  
  57  5:43  Drone  
  57  5:45  Overlord  
  57  5:47  Glial Reconstitution  
  56  6:03  Queen  
  53  6:20  Drone x2  
  53  6:21  Drone x4  
  53  6:22  Drone  
  53  6:23  Drone x3  
  61  6:36  Drone x3  
  63  6:45  Spine Crawler, Drone  
  63  6:46  Drone, Overlord  
  64  6:51  Drone x2  
  66  7:04  Spine Crawler, Overlord x2  
  65  7:09  Drone  
  65  7:10  Overlord  
  66  7:21  Queen  
  68  7:27  Drone x3, Hydralisk Den  
  68  7:28  Drone x2  
  72  7:31  Drone x3  
  75  7:39  Zerg Ground Armor Level 1, Zerg Missile Weapons Level 1  
  75  7:41  Overlord  
  75  7:43  Overlord  
  75  7:45  Drone x2  
  75  7:47  Drone x5  
  82  8:10  Hydralisk x7  
  82  8:11  Hydralisk x3  
  98  8:14  Overlord x2  
  98  8:25  Overlord x2  
  98  8:33  Roach x2  
  98  8:34  Roach, Extractor  
  104  8:38  Extractor  
  104  8:40  Muscular Augments  
  101  8:52  Drone x3, Overlord  
  101  8:53  Roach  
  106  8:56  Roach x4  
  106  9:00  Ravager x7  
  106  9:01  Ravager x2  
  106  9:02  Roach x3  
  129  9:07  Hatchery  
  128  9:12  Spore Crawler  
  128  9:14  Spine Crawler x2  
  125  9:20  Spore Crawler  
  125  9:22  Roach x4  
  125  9:23  Roach x2  
  136  9:34  Drone x2  
  136  9:36  Overlord  
  136  9:37  Overlord  
  136  9:38  Zerg Missile Weapons Level 2  
  138  9:48  Overlord x2  
  63  10:15  Roach x4, Hydralisk x4  
  63  10:16  Roach x5, Hydralisk  
  91  10:26  Queen  
  93  10:31  Overseer  
  93  10:48  Pneumatized Carapace  
  93  10:55  Drone  
  93  10:56  Drone x3  
  93  10:57  Drone x3  
  99  10:58  Drone  
  99  10:59  Drone  
  99  11:00  Drone x3  
  99  11:01  Drone x2  
  107  11:06  Overlord x2  
  107  11:13  Drone  
  107  11:14  Infestation Pit  
  107  11:19  Roach x6  
  107  11:20  Roach x4  
  127  11:38  Drone x3  
  127  11:39  Drone x2  
  133  11:40  Drone  
  133  11:43  Extractor  
  133  11:44  Extractor  
  131  11:53  Hive  
  131  11:54  Spire  
  130  12:00  Overlord x2  
  130  12:04  Overlord x2  
  130  12:20  Drone x2  
  129  12:27  Swarm Host x7  
  129  12:28  Swarm Host x2  
  156  12:48  Spore Crawler  
  156  12:50  Spine Crawler  
  154  12:51  Spine Crawler  
  154  12:52  Drone x4, Spine Crawler  
  154  12:53  Overlord  
  154  12:54  Hatchery, Swarm Host x6  
  154  12:57  Zergling x14  
  154  12:58  Zergling x2  
  181  13:05  Hydralisk x5  
Show
View Real Time Build Order
Export as new Build Order

columbus Terran - Winner!

Build Orders: Hellion Banshee, Mech 

Get SALT Encoding   

  12  0:01  SCV  
  13  0:13  SCV  
  14  0:17  Supply Depot  
  14  0:25  SCV  
  14  0:28  Refinery  
  15  0:38  SCV  
  16  0:45  Barracks  
  16  0:50  SCV  
  17  1:03  SCV  
  18  1:15  SCV  
  19  1:27  SCV  
  20  1:33  Reaper  
  20  1:39  Orbital Command  
  21  1:50  Command Center  
  21  1:59  Factory  
  21  2:10  SCV  
  21  2:12  Barracks Reactor  
  21  2:13  Refinery  
  22  2:19  Supply Depot  
  22  2:22  SCV  
  23  2:41  SCV  
  23  2:53  SCV  
  23  2:56  Hellion x2, Starport  
  23  2:57  Barracks Tech Lab  
  28  3:02  Orbital Command  
  28  3:10  SCV  
  29  3:18  Hellion x2  
  33  3:22  SCV  
  34  3:31  Supply Depot  
  34  3:34  SCV  
  34  3:37  SCV  
  34  3:39  Hellion x2  
  40  3:43  Supply Depot  
  43  3:50  Cloaking Field  
  43  3:53  Viking  
  43  3:55  SCV x2  
  44  4:01  Hellion  
  44  4:02  Hellion  
  48  4:07  SCV x2  
  50  4:16  Supply Depot  
  50  4:19  SCV x2  
  50  4:22  Hellion  
  50  4:24  Hellion  
  56  4:28  Banshee  
  59  4:31  SCV  
  59  4:34  Supply Depot  
  60  4:39  SCV, Supply Depot  
  60  4:43  SCV  
  60  4:45  Hellion x2  
  66  4:51  SCV, Armory  
  67  4:56  SCV  
  68  5:03  SCV  
  68  5:06  Hellion  
  68  5:07  Hellion  
  69  5:22  SCV  
  69  5:28  Hellion x2  
  68  5:46  SCV  
  68  5:48  SCV  
  70  5:51  Command Center, Terran Vehicle Weapons Level 1  
  70  5:53  Command Center x2  
  66  6:10  Factory  
  66  6:11  Factory  
  66  6:14  Starport  
  66  6:16  Starport  
  66  6:17  Refinery  
  63  6:19  SCV  
  63  6:20  Refinery  
  64  6:27  SCV  
  64  6:31  SCV  
  66  6:41  Banshee  
  66  6:42  Cyclone x2  
  66  6:44  SCV x2  
  77  6:53  Supply Depot  
  77  6:54  Supply Depot  
  77  6:55  Supply Depot  
  77  6:56  Factory Tech Lab x2  
  75  7:02  Starport Tech Lab x2  
  75  7:08  Command Center  
  75  7:11  Orbital Command  
  75  7:15  Orbital Command  
  75  7:16  Siege Tank  
  75  7:21  Siege Tank  
  81  7:26  Banshee  
  84  7:32  Engineering Bay  
  84  7:36  SCV  
  85  7:40  Armory  
  85  7:41  SCV x3  
  85  7:42  SCV  
  89  7:46  Hellion x6  
  89  7:49  Siege Tank  
  92  7:53  Terran Vehicle Weapons Level 2  
  92  8:04  Hellion x3  
  93  8:16  Planetary Fortress  
  93  8:17  SCV x3  
  93  8:19  Missile Turret  
  96  8:20  SCV  
  96  8:22  Missile Turret  
  97  8:27  Missile Turret  
  97  8:29  SCV  
  97  8:31  SCV x2  
  100  8:36  Missile Turret  
  100  8:39  Missile Turret  
  100  8:41  SCV x2  
  102  8:42  Missile Turret  
  102  8:45  Siege Tank, Missile Turret  
  102  8:47  Terran Vehicle And Ship Armor Level 1  
  105  8:49  Missile Turret, Barracks Reactor  
  105  8:51  Siege Tank  
  105  8:57  SCV x3  
  105  9:00  Refinery  
  105  9:01  Refinery  
  108  9:03  Missile Turret  
  108  9:05  SCV x2  
  108  9:07  Banshee x2  
  108  9:09  SCV  
  117  9:10  Missile Turret  
  117  9:15  Hellion  
  117  9:16  Hellion, Missile Turret  
  121  9:18  Planetary Fortress  
  121  9:19  SCV x4  
  121  9:21  SCV  
  126  9:31  SCV x4, Missile Turret, Siege Tank  
  126  9:33  Missile Turret  
  126  9:36  Missile Turret  
  126  9:37  SCV, Missile Turret  
  134  9:40  Siege Tank  
  137  9:47  Fusion Core  
  137  9:51  SCV x2  
  139  9:56  Missile Turret  
  131  10:06  Hellion x2, Siege Tank  
  117  10:09  Banshee  
  117  10:12  Siege Tank  
  117  10:15  SCV x3  
  117  10:16  Refinery  
  120  10:23  Command Center  
  120  10:24  Supply Depot x2  
  120  10:28  Hellion x2  
  124  10:30  Liberator x2  
  124  10:33  Command Center  
  124  10:37  Sensor Tower  
  124  10:38  Sensor Tower  
  124  10:39  Command Center  
  124  10:42  Refinery  
  124  10:45  Siege Tank  
  133  10:59  Viking  
  133  11:00  Terran Ship Weapons Level 1  
  133  11:03  Terran Vehicle And Ship Armor Level 2  
  135  11:19  Siege Tank x2  
  135  11:20  Hellion x2  
  145  11:26  Weapon Refit  
  145  11:39  Battlecruiser  
  151  11:41  Hellion x2  
  151  11:43  SCV x2  
  157  11:51  Hellion  
  157  11:52  Hellion, Planetary Fortress  
  157  11:53  Orbital Command  
  161  11:55  Orbital Command  
  161  12:02  Hellion  
  161  12:07  Infernal Pre-Igniter  
  163  12:08  Smart Servos  
  163  12:11  Battlecruiser, Command Center  
  163  12:13  Hellion x3, Missile Turret  
  167  12:29  Hellion  
  169  12:34  Hellion, Missile Turret  
  171  12:45  Siege Tank x2  
  171  12:50  Hellion  
  185  12:53  Refinery  
  185  12:56  Hellion  
  189  13:16  Refinery  
Tags
 
League
Diamond
Matchup
TvZ
Replay Pack
2017S4
Spawn Locations
Cross Positions
Add a new tag
Caveats
  • Supply blocks, unpowered buildings, or Contaminate may cause inaccurate times.
  • Supply counts are checked every 10 seconds.